[ AOE2 MATCH · #464919032 ]
UnrankedPersians vs Persians
[ REPLAY ANALYSIS · EXTRACTED FROM THE RECORDED GAME ]
Feudal
10:13
Castle
19:21
Imperial
—
| APM avg | 24.3 |
| APM peak | 59 |
| eAPM avg | 9.1 |
| Villagers / military | 34 / 6 |
Focus
⚔️ 25.4% · 🌾 74.6%
Knight ×6
Feudal
10:45
Castle
27:25
Imperial
—
| APM avg | 17.5 |
| APM peak | 33 |
| eAPM avg | 11.0 |
| Villagers / military | 40 / 35 |
Focus
⚔️ 29.0% · 🌾 71.0%
Archer ×20 · Skirmisher ×8 · Spearman ×7
Feudal
8:36
Castle
20:48
Imperial
—
| APM avg | 43.3 |
| APM peak | 79 |
| eAPM avg | 16.8 |
| Villagers / military | 67 / 62 |
Focus
⚔️ 23.5% · 🌾 76.5%
Knight ×51 · Scout Cavalry ×11
Feudal
9:25
Castle
23:26
Imperial
—
| APM avg | 57.8 |
| APM peak | 84 |
| eAPM avg | 24.0 |
| Villagers / military | 70 / 57 |
Focus
⚔️ 19.5% · 🌾 80.5%
Archer ×57
Feudal
9:04
Castle
24:47
Imperial
—
| APM avg | 41.1 |
| APM peak | 99 |
| eAPM avg | 18.7 |
| Villagers / military | 62 / 45 |
Focus
⚔️ 39.4% · 🌾 60.6%
Archer ×39 · Militia ×3 · Spearman ×2 · Mangonel ×1
Feudal
9:51
Castle
23:17
Imperial
—
| APM avg | 65.6 |
| APM peak | 106 |
| eAPM avg | 29.6 |
| Villagers / military | 73 / 71 |
Focus
⚔️ 40.5% · 🌾 59.5%
Archer ×66 · Militia ×4 · Spearman ×1
Match map
Initial resources + every placement click. Lines = walls · curves = elevation contours. ◆ gold · ⬟ stone · ● berries · ✦ relic · ◌ wall gap
Your base· ✓ Closed at 19:21 · 59t walls · 1 gate(s)
PJtheDcoy's base· ✓ Closed at 27:25 · 41t walls · 2 gate(s)
Mantecol bailable's base· ✓ Closed at 20:48 · 30t walls · no gate
PELUCHE's base· Open — 7t gap
Quando's base· ✓ Closed at 24:47 · 53t walls · 1 gate(s)
kimbo's base· Open — 7t gap
Smoothed initial terrain · ◌ = detected wall gap · hover for details
Inputs per minute
— Fr4ggi - - PJtheDcoy
Build order — Fr4ggi
101 actions detected in the replay
| 0:04 | Build | House |
| 0:05 | Queue | Villager (Male) |
| 0:05 | Queue | Villager (Male) |
| 0:08 | Build | House |
| 0:09 | Queue | Villager (Male) |
| 0:10 | Queue | Villager (Male) |
| 0:37 | Queue | Villager (Male) |
| 1:45 | Build | Lumber Camp |
| 1:47 | Queue | Villager (Male) |
| 2:10 | Queue | Villager (Male) |
| 2:34 | Queue | Villager (Male) |
| 3:16 | Queue | Villager (Male) |
| 3:16 | Queue | Villager (Male) |
| 3:55 | Queue | Villager (Male) |
| 3:55 | Queue | Villager (Male) |
| 4:07 | Build | House |
| 4:35 | Build | Mill |
| 4:47 | Queue | Villager (Male) |
| 4:47 | Queue | Villager (Male) |
| 5:24 | Build | House |
| 6:09 | Queue | Villager (Male) |
| 6:09 | Queue | Villager (Male) |
| 6:14 | Queue | Villager (Male) |
| 6:38 | Queue | Villager (Male) |
| 7:17 | Build | Barracks |
| 7:27 | Build | Palisade Wall |
| 7:56 | Build | Palisade Wall |
| 8:05 | Build | Palisade Wall |
| 8:09 | Research | Feudal Age |
| 8:18 | Build | Mining Camp |
| 8:32 | Build | Palisade Wall |
| 8:39 | Build | Palisade Wall |
| 8:43 | Queue | Villager (Male) |
| 9:34 | Build | Palisade Gate |
| 10:06 | Build | House |
| 10:13 | Build | Palisade Wall |
| 10:13 | Age | Feudal Age |
| 10:16 | Queue | Villager (Male) |
| 10:52 | Queue | Villager (Male) |
| 11:41 | Build | Stable |
| 11:42 | Queue | Villager (Male) |
| 12:19 | Build | Farm |
| 12:20 | Build | Farm |
| 12:25 | Research | Wheelbarrow |
| 12:26 | Queue | Villager (Male) |
| 12:41 | Build | Blacksmith |
| 12:55 | Build | Farm |
| 13:32 | Build | House |
| 13:37 | Queue | Villager (Male) |
| 13:42 | Build | Farm |
| 13:56 | Build | Farm |
| 14:06 | Build | Farm |
| 14:14 | Build | Farm |
| 14:15 | Queue | Villager (Male) |
| 14:23 | Build | Farm |
| 14:29 | Queue | Villager (Male) |
| 15:08 | Build | Farm |
| 15:10 | Queue | Villager (Male) |
| 15:46 | Build | Farm |
| 15:47 | Queue | Villager (Male) |
| 16:06 | Queue | Villager (Male) |
| 16:16 | Build | Farm |
| 16:23 | Queue | Villager (Male) |
| 16:38 | Build | Farm |
| 16:55 | Research | Castle Age |
| 16:59 | Build | Farm |
| 17:13 | Build | Farm |
| 17:13 | Build | Farm |
| 17:14 | Build | Farm |
| 17:15 | Build | Farm |
| 17:19 | Research | Double-Bit Axe |
| 17:30 | Build | House |
| 17:53 | Research | Bloodlines |
| 18:20 | Research | Forging |
| 19:12 | Research | Horse Collar |
| 19:16 | Research | Scale Barding Armor |
| 19:21 | Age | Castle Age |
| 19:24 | Queue | Knight |
| 19:26 | Queue | Knight |
| 19:43 | Build | Farm |
| 19:51 | Build | Farm |
| 19:54 | Research | Bow Saw |
| 19:59 | Queue | Knight |
| 20:08 | Queue | Villager (Male) |
| 20:08 | Queue | Villager (Male) |
| 20:29 | Build | House |
| 21:15 | Build | Farm |
| 21:18 | Research | Heavy Plow |
| 21:21 | Queue | Villager (Male) |
| 21:27 | Build | Lumber Camp |
| 21:31 | Queue | Villager (Male) |
| 21:33 | Queue | Knight |
| 21:37 | Research | Chain Barding Armor |
| 22:17 | Build | House |
| 22:31 | Research | Gold Mining |
| 22:54 | Queue | Knight |
| 23:18 | Build | House |
| 24:04 | Queue | Knight |
| 25:47 | Build | House |
| 25:57 | Research | Loom |
| 26:23 | Build | Farm |
Build order — PJtheDcoy
144 actions detected in the replay
| 0:01 | Queue | Villager (Male) |
| 0:01 | Queue | Villager (Male) |
| 0:01 | Queue | Villager (Male) |
| 0:02 | Queue | Villager (Male) |
| 0:03 | Build | House |
| 0:04 | Build | House |
| 1:28 | Queue | Villager (Male) |
| 1:43 | Build | Lumber Camp |
| 2:07 | Queue | Villager (Male) |
| 2:22 | Queue | Villager (Male) |
| 2:55 | Queue | Villager (Male) |
| 3:19 | Build | Palisade Wall |
| 3:23 | Queue | Villager (Male) |
| 3:35 | Build | House |
| 3:58 | Queue | Villager (Male) |
| 4:11 | Queue | Villager (Male) |
| 4:39 | Build | Mill |
| 4:49 | Queue | Villager (Male) |
| 5:10 | Queue | Villager (Male) |
| 5:53 | Queue | Villager (Male) |
| 6:07 | Build | House |
| 6:30 | Queue | Villager (Male) |
| 6:30 | Queue | Villager (Male) |
| 6:30 | Queue | Villager (Male) |
| 6:30 | Queue | Villager (Male) |
| 7:35 | Research | Loom |
| 8:15 | Build | Mining Camp |
| 8:19 | Research | Feudal Age |
| 8:58 | Build | Barracks |
| 9:05 | Build | House |
| 9:13 | Build | Palisade Wall |
| 9:24 | Queue | Villager (Male) |
| 9:24 | Queue | Villager (Male) |
| 9:48 | Build | Palisade Wall |
| 9:52 | Build | Palisade Wall |
| 10:05 | Build | Palisade Wall |
| 10:45 | Age | Feudal Age |
| 10:49 | Queue | Villager (Male) |
| 11:24 | Research | Double-Bit Axe |
| 11:31 | Build | Palisade Wall |
| 11:45 | Build | Archery Range |
| 11:54 | Research | Horse Collar |
| 12:00 | Build | Farm |
| 12:05 | Build | Farm |
| 12:07 | Build | Farm |
| 12:20 | Queue | Villager (Male) |
| 12:20 | Queue | Villager (Male) |
| 12:43 | Build | Blacksmith |
| 12:54 | Queue | Villager (Male) |
| 12:54 | Queue | Villager (Male) |
| 13:22 | Build | Palisade Gate |
| 13:24 | Build | Archery Range |
| 13:28 | Build | Palisade Wall |
| 13:37 | Queue | Archer |
| 13:37 | Queue | Archer |
| 13:42 | Build | House |
| 13:47 | Queue | Villager (Male) |
| 14:09 | Queue | Skirmisher |
| 14:09 | Queue | Skirmisher |
| 14:19 | Build | Farm |
| 14:21 | Queue | Villager (Male) |
| 14:52 | Queue | Villager (Male) |
| 15:07 | Build | Farm |
| 15:08 | Build | Farm |
| 15:19 | Build | Farm |
| 15:39 | Build | House |
| 15:56 | Queue | Villager (Male) |
| 15:56 | Queue | Villager (Male) |
| 15:58 | Queue | Archer |
| 15:58 | Queue | Archer |
| 16:39 | Research | Fletching |
| 16:44 | Build | Farm |
| 16:49 | Build | Farm |
| 17:11 | Queue | Villager (Male) |
| 17:15 | Build | House |
| 17:34 | Queue | Spearman |
| 17:35 | Queue | Spearman |
| 17:56 | Build | Palisade Wall |
| 18:01 | Queue | Spearman |
| 18:04 | Queue | Archer |
| 18:04 | Queue | Archer |
| 18:04 | Queue | Archer |
| 18:05 | Queue | Archer |
| 18:05 | Queue | Archer |
| 18:06 | Queue | Archer |
| 18:14 | Build | House |
| 18:34 | Queue | Villager (Male) |
| 18:34 | Queue | Villager (Male) |
| 18:46 | Build | Lumber Camp |
| 18:56 | Queue | Skirmisher |
| 18:56 | Queue | Skirmisher |
| 19:03 | Build | Mining Camp |
| 19:25 | Build | Farm |
| 19:27 | Build | Farm |
| 19:35 | Research | Padded Archer Armor |
| 19:43 | Queue | Villager (Male) |
| 20:35 | Queue | Villager (Male) |
| 20:36 | Queue | Villager (Male) |
| 20:42 | Build | House |
| 21:01 | Build | Palisade Gate |
| 21:02 | Build | House |
| 21:06 | Build | Palisade Wall |
| 21:18 | Build | Farm |
| 21:19 | Build | Farm |
| 21:20 | Build | Farm |
| 21:21 | Build | Farm |
| 21:28 | Build | Farm |
| 21:31 | Research | Wheelbarrow |
| 21:32 | Queue | Villager (Male) |
| 21:56 | Queue | Archer |
| 21:56 | Queue | Archer |
| 22:20 | Research | Gold Mining |
| 23:13 | Queue | Villager (Male) |
| 23:13 | Queue | Villager (Male) |
| 23:24 | Build | Farm |
| 23:28 | Build | Farm |
| 23:35 | Queue | Archer |
| 23:35 | Queue | Archer |
| 24:13 | Build | Farm |
| 24:18 | Queue | Villager (Male) |
| 24:30 | Build | House |
| 24:33 | Build | House |
| 24:45 | Research | Castle Age |
| 24:48 | Queue | Archer |
| 24:49 | Queue | Archer |
| 25:02 | Queue | Spearman |
| 25:03 | Queue | Spearman |
| 25:32 | Queue | Archer |
| 25:32 | Queue | Archer |
| 26:04 | Queue | Archer |
| 26:04 | Queue | Archer |
| 26:19 | Queue | Skirmisher |
| 26:19 | Queue | Skirmisher |
| 26:20 | Queue | Skirmisher |
| 26:20 | Queue | Skirmisher |
| 26:55 | Build | House |
| 27:25 | Age | Castle Age |
| 27:28 | Research | Bodkin Arrow |
| 27:32 | Research | Crossbowman (upgrade) |
| 27:37 | Research | Pikeman (upgrade) |
| 27:37 | Research | Squires |
| 27:46 | Queue | Spearman |
| 27:46 | Queue | Spearman |
| 28:31 | Build | Castle |
Build order — Mantecol bailable
First 150 of 191 actions detected
| 0:00 | Queue | Villager (Male) |
| 0:02 | Build | House |
| 0:03 | Build | House |
| 0:04 | Queue | Villager (Male) |
| 0:04 | Queue | Villager (Male) |
| 0:12 | Queue | Villager (Male) |
| 0:13 | Queue | Villager (Male) |
| 1:24 | Queue | Villager (Male) |
| 1:48 | Build | Lumber Camp |
| 2:01 | Queue | Villager (Male) |
| 2:02 | Queue | Villager (Male) |
| 2:23 | Queue | Villager (Male) |
| 2:45 | Queue | Villager (Male) |
| 3:10 | Queue | Villager (Male) |
| 3:42 | Build | House |
| 3:58 | Queue | Villager (Male) |
| 3:58 | Queue | Villager (Male) |
| 3:59 | Queue | Villager (Male) |
| 3:59 | Queue | Villager (Male) |
| 4:05 | Build | Mill |
| 4:30 | Queue | Villager (Male) |
| 5:02 | Queue | Villager (Male) |
| 5:07 | Queue | Villager (Male) |
| 6:21 | Queue | Villager (Male) |
| 6:32 | Research | Feudal Age |
| 6:32 | Research | Feudal Age |
| 7:22 | Build | Barracks |
| 8:07 | Build | House |
| 8:36 | Age | Feudal Age |
| 8:41 | Build | Stable |
| 8:42 | Queue | Villager (Male) |
| 8:45 | Research | Loom |
| 8:45 | Queue | Villager (Male) |
| 8:47 | Research | Double-Bit Axe |
| 8:47 | Research | Double-Bit Axe |
| 8:48 | Queue | Villager (Male) |
| 9:07 | Build | House |
| 9:11 | Build | House |
| 9:19 | Queue | Villager (Male) |
| 9:26 | Queue | Villager (Male) |
| 9:29 | Queue | Scout Cavalry |
| 9:30 | Queue | Scout Cavalry |
| 9:30 | Queue | Scout Cavalry |
| 9:30 | Queue | Scout Cavalry |
| 9:45 | Queue | Villager (Male) |
| 9:56 | Queue | Villager (Male) |
| 9:59 | Build | House |
| 10:02 | Build | Farm |
| 10:03 | Build | Farm |
| 10:04 | Queue | Villager (Male) |
| 10:14 | Queue | Villager (Male) |
| 10:18 | Build | House |
| 10:30 | Build | Mill |
| 10:33 | Build | Palisade Wall |
| 10:39 | Build | Palisade Wall |
| 10:50 | Build | Farm |
| 10:53 | Build | House |
| 10:57 | Build | Farm |
| 11:15 | Queue | Scout Cavalry |
| 11:15 | Queue | Scout Cavalry |
| 11:23 | Build | Farm |
| 11:25 | Build | Farm |
| 12:10 | Queue | Villager (Male) |
| 12:13 | Build | House |
| 12:15 | Build | Farm |
| 12:16 | Build | Farm |
| 12:31 | Queue | Villager (Male) |
| 12:33 | Build | House |
| 12:36 | Build | Palisade Wall |
| 12:39 | Build | Farm |
| 12:42 | Build | Farm |
| 12:48 | Build | Blacksmith |
| 12:50 | Queue | Villager (Male) |
| 12:52 | Queue | Villager (Male) |
| 13:00 | Queue | Scout Cavalry |
| 13:00 | Queue | Scout Cavalry |
| 13:04 | Build | Farm |
| 13:58 | Queue | Scout Cavalry |
| 13:58 | Queue | Scout Cavalry |
| 13:59 | Queue | Scout Cavalry |
| 13:59 | Queue | Villager (Male) |
| 14:01 | Build | Farm |
| 14:03 | Build | Farm |
| 14:10 | Build | Palisade Wall |
| 14:11 | Build | Palisade Wall |
| 14:14 | Queue | Villager (Male) |
| 14:14 | Queue | Villager (Male) |
| 14:26 | Build | Farm |
| 14:29 | Build | Lumber Camp |
| 14:30 | Queue | Villager (Male) |
| 14:43 | Queue | Villager (Male) |
| 14:51 | Build | Farm |
| 15:53 | Queue | Villager (Male) |
| 15:58 | Build | Farm |
| 15:58 | Build | Farm |
| 16:00 | Build | Farm |
| 16:01 | Build | Farm |
| 16:02 | Queue | Villager (Male) |
| 16:10 | Build | Mining Camp |
| 16:12 | Queue | Villager (Male) |
| 16:32 | Research | Scale Barding Armor |
| 17:15 | Build | Palisade Wall |
| 17:37 | Queue | Villager (Male) |
| 17:37 | Queue | Villager (Male) |
| 17:55 | Queue | Villager (Male) |
| 18:17 | Research | Forging |
| 18:22 | Research | Castle Age |
| 18:22 | Research | Castle Age |
| 19:15 | Build | Stable |
| 19:32 | Research | Bloodlines |
| 19:49 | Build | Palisade Wall |
| 19:54 | Build | Palisade Wall |
| 20:19 | Research | Gold Mining |
| 20:48 | Build | Farm |
| 20:48 | Age | Castle Age |
| 20:51 | Queue | Knight |
| 20:51 | Queue | Knight |
| 20:51 | Queue | Knight |
| 20:55 | Queue | Villager (Male) |
| 21:00 | Research | Gold Shaft Mining |
| 21:03 | Queue | Villager (Male) |
| 21:21 | Queue | Villager (Male) |
| 21:32 | Research | Chain Barding Armor |
| 21:39 | Queue | Knight |
| 21:40 | Queue | Knight |
| 21:40 | Queue | Villager (Male) |
| 21:45 | Build | Palisade Wall |
| 21:47 | Build | Palisade Wall |
| 21:56 | Build | Palisade Wall |
| 22:02 | Queue | Villager (Male) |
| 22:07 | Build | Lumber Camp |
| 22:08 | Queue | Villager (Male) |
| 22:08 | Queue | Villager (Male) |
| 22:17 | Queue | Knight |
| 22:17 | Queue | Knight |
| 22:18 | Queue | Villager (Male) |
| 22:22 | Research | Wheelbarrow |
| 22:30 | Research | Iron Casting |
| 22:44 | Queue | Villager (Male) |
| 23:12 | Queue | Villager (Male) |
| 23:14 | Queue | Villager (Male) |
| 23:24 | Queue | Villager (Male) |
| 23:30 | Build | Farm |
| 23:31 | Build | Farm |
| 23:44 | Research | Husbandry |
| 23:45 | Queue | Knight ×2 |
| 23:45 | Queue | Knight ×2 |
| 23:58 | Queue | Villager (Male) |
| 24:06 | Build | Farm |
| 24:07 | Build | Farm |
Build order — PELUCHE
First 150 of 210 actions detected
| 0:00 | Queue | Villager (Male) |
| 0:01 | Queue | Villager (Male) |
| 0:02 | Build | House |
| 0:03 | Build | House |
| 0:12 | Queue | Villager (Male) |
| 0:12 | Queue | Villager (Male) |
| 0:12 | Queue | Villager (Male) |
| 1:28 | Queue | Villager (Male) |
| 1:28 | Queue | Villager (Male) |
| 1:51 | Build | Lumber Camp |
| 2:09 | Queue | Villager (Male) |
| 2:09 | Queue | Villager (Male) |
| 2:25 | Queue | Villager (Male) |
| 2:25 | Queue | Villager (Male) |
| 2:57 | Queue | Villager (Male) |
| 2:58 | Queue | Villager (Male) |
| 3:21 | Queue | Villager (Male) |
| 3:21 | Queue | Villager (Male) |
| 3:44 | Queue | Villager (Male) |
| 3:44 | Queue | Villager (Male) |
| 4:06 | Queue | Villager (Male) |
| 4:06 | Queue | Villager (Male) |
| 4:07 | Queue | Villager (Male) |
| 4:18 | Build | House |
| 4:45 | Research | Loom |
| 4:46 | Research | Loom |
| 4:50 | Queue | Villager (Male) |
| 4:50 | Queue | Villager (Male) |
| 5:08 | Queue | Villager (Male) |
| 5:08 | Queue | Villager (Male) |
| 5:08 | Queue | Villager (Male) |
| 5:08 | Queue | Villager (Male) |
| 5:09 | Queue | Villager (Male) |
| 5:15 | Build | Mill |
| 6:57 | Queue | Villager (Male) |
| 7:11 | Research | Feudal Age |
| 7:11 | Research | Feudal Age |
| 7:35 | Build | House |
| 8:19 | Build | Barracks |
| 8:40 | Build | Palisade Gate |
| 8:43 | Queue | Villager (Male) |
| 8:47 | Build | Palisade Wall |
| 8:51 | Build | Palisade Wall |
| 9:03 | Build | Palisade Wall |
| 9:06 | Build | Palisade Wall |
| 9:08 | Build | Palisade Wall |
| 9:25 | Age | Feudal Age |
| 9:30 | Build | Archery Range |
| 9:30 | Queue | Villager (Male) |
| 9:32 | Research | Double-Bit Axe |
| 9:33 | Research | Double-Bit Axe |
| 10:12 | Build | House |
| 10:14 | Queue | Archer |
| 10:29 | Queue | Villager (Male) |
| 10:40 | Build | Mining Camp |
| 10:45 | Build | Farm |
| 10:46 | Queue | Villager (Male) |
| 11:03 | Queue | Archer |
| 11:07 | Build | Palisade Wall |
| 11:15 | Build | Farm |
| 11:24 | Build | Farm |
| 11:26 | Queue | Villager (Male) |
| 11:28 | Queue | Villager (Male) |
| 11:36 | Queue | Villager (Male) |
| 11:48 | Queue | Villager (Male) |
| 11:49 | Queue | Archer |
| 12:00 | Queue | Villager (Male) |
| 12:04 | Build | Farm |
| 12:13 | Queue | Villager (Male) |
| 12:20 | Build | Farm |
| 12:34 | Build | Blacksmith |
| 13:01 | Build | House |
| 13:05 | Build | Palisade Wall |
| 13:08 | Queue | Archer |
| 13:11 | Build | Farm |
| 13:12 | Build | Farm |
| 13:16 | Queue | Villager (Male) |
| 13:55 | Build | Farm |
| 13:58 | Research | Fletching |
| 14:08 | Queue | Villager (Male) |
| 14:14 | Build | Farm |
| 14:16 | Build | Farm |
| 14:18 | Build | Farm |
| 14:19 | Queue | Villager (Male) |
| 14:26 | Queue | Archer |
| 14:26 | Queue | Archer |
| 14:40 | Queue | Archer |
| 14:45 | Build | House |
| 15:06 | Queue | Villager (Male) |
| 15:07 | Queue | Archer |
| 15:12 | Build | House |
| 15:30 | Build | Farm |
| 15:31 | Build | Farm |
| 15:35 | Build | Farm |
| 15:38 | Queue | Archer |
| 15:40 | Queue | Villager (Male) |
| 15:55 | Build | Palisade Wall |
| 15:58 | Build | Palisade Wall |
| 16:03 | Build | House |
| 16:05 | Queue | Archer |
| 16:07 | Queue | Villager (Male) |
| 16:25 | Build | Archery Range |
| 16:26 | Queue | Villager (Male) |
| 16:27 | Queue | Archer |
| 16:55 | Queue | Villager (Male) |
| 17:03 | Build | Lumber Camp |
| 17:08 | Queue | Villager (Male) |
| 17:15 | Build | House |
| 17:19 | Queue | Archer |
| 17:25 | Queue | Archer |
| 17:26 | Queue | Villager (Male) |
| 17:34 | Build | Palisade Wall |
| 17:41 | Queue | Villager (Male) |
| 17:59 | Research | Padded Archer Armor |
| 17:59 | Research | Padded Archer Armor |
| 18:23 | Queue | Villager (Male) |
| 18:24 | Queue | Archer |
| 18:34 | Queue | Villager (Male) |
| 18:37 | Build | Farm |
| 18:54 | Build | Farm |
| 19:14 | Queue | Archer |
| 19:14 | Queue | Archer |
| 19:27 | Queue | Villager (Male) |
| 19:28 | Queue | Archer |
| 19:28 | Queue | Archer |
| 19:48 | Queue | Archer |
| 19:57 | Queue | Villager (Male) |
| 20:31 | Queue | Villager (Male) |
| 20:46 | Research | Castle Age |
| 20:46 | Research | Castle Age |
| 21:00 | Queue | Archer |
| 21:00 | Queue | Archer |
| 21:12 | Build | House |
| 21:16 | Queue | Villager (Male) |
| 21:16 | Queue | Archer |
| 21:17 | Queue | Archer |
| 21:24 | Research | Gold Mining |
| 21:24 | Research | Gold Mining |
| 21:39 | Queue | Archer |
| 21:53 | Queue | Archer |
| 21:56 | Build | House |
| 21:57 | Build | Palisade Wall |
| 21:58 | Build | Palisade Wall |
| 22:00 | Queue | Archer |
| 22:00 | Queue | Archer |
| 22:17 | Queue | Archer |
| 22:18 | Queue | Archer |
| 22:25 | Build | Palisade Gate |
| 22:27 | Queue | Villager (Male) |
| 22:29 | Queue | Archer |
Build order — Quando
First 150 of 181 actions detected
| 0:03 | Queue | Villager (Male) |
| 0:03 | Queue | Villager (Male) |
| 0:03 | Queue | Villager (Male) |
| 0:04 | Build | House |
| 0:06 | Build | House |
| 0:24 | Queue | Villager (Male) |
| 0:25 | Queue | Villager (Male) |
| 1:27 | Queue | Villager (Male) |
| 1:27 | Queue | Villager (Male) |
| 2:10 | Queue | Villager (Male) |
| 2:11 | Queue | Villager (Male) |
| 2:13 | Build | Lumber Camp |
| 2:34 | Queue | Villager (Male) |
| 2:34 | Queue | Villager (Male) |
| 3:08 | Queue | Villager (Male) |
| 3:09 | Queue | Villager (Male) |
| 3:10 | Queue | Villager (Male) |
| 3:10 | Queue | Villager (Male) |
| 3:11 | Queue | Villager (Male) |
| 4:07 | Build | House |
| 4:17 | Queue | Villager (Male) |
| 4:17 | Queue | Villager (Male) |
| 4:36 | Queue | Villager (Male) |
| 4:37 | Queue | Villager (Male) |
| 5:51 | Build | Barracks |
| 5:57 | Build | House |
| 6:04 | Queue | Villager (Male) |
| 6:15 | Research | Loom |
| 6:51 | Research | Feudal Age |
| 7:16 | Build | House |
| 7:19 | Queue | Militia |
| 7:21 | Queue | Militia |
| 7:35 | Build | Mining Camp |
| 7:46 | Build | Palisade Wall |
| 7:52 | Queue | Militia |
| 8:14 | Build | Palisade Wall |
| 8:29 | Queue | Villager (Male) |
| 8:51 | Build | Mill |
| 9:04 | Age | Feudal Age |
| 9:25 | Queue | Villager (Male) |
| 9:42 | Build | Archery Range |
| 9:50 | Queue | Villager (Male) |
| 10:06 | Research | Man-at-Arms (upgrade) |
| 10:24 | Queue | Villager (Male) |
| 10:27 | Build | Farm |
| 10:40 | Queue | Archer |
| 10:50 | Build | House |
| 11:01 | Queue | Villager (Male) |
| 11:03 | Build | Farm |
| 11:13 | Build | House |
| 11:31 | Queue | Villager (Male) |
| 11:32 | Queue | Archer |
| 11:47 | Queue | Villager (Male) |
| 12:04 | Queue | Villager (Male) |
| 12:30 | Build | Farm |
| 12:31 | Build | Farm |
| 12:32 | Build | Farm |
| 12:42 | Queue | Archer |
| 12:48 | Queue | Villager (Male) |
| 12:50 | Build | Farm |
| 12:52 | Build | Farm |
| 13:16 | Queue | Villager (Male) |
| 13:20 | Queue | Archer |
| 13:24 | Build | House |
| 13:32 | Queue | Villager (Male) |
| 13:37 | Queue | Spearman |
| 13:38 | Build | Palisade Wall |
| 14:04 | Queue | Villager (Male) |
| 14:07 | Build | Blacksmith |
| 14:15 | Queue | Archer |
| 14:30 | Queue | Villager (Male) |
| 14:35 | Build | Palisade Wall |
| 14:48 | Queue | Archer |
| 14:51 | Queue | Villager (Male) |
| 15:01 | Build | House |
| 15:02 | Build | Palisade Wall |
| 15:09 | Build | House |
| 15:13 | Build | Palisade Wall |
| 15:15 | Build | Palisade Wall |
| 15:17 | Build | Palisade Wall |
| 15:20 | Queue | Archer |
| 15:22 | Queue | Villager (Male) |
| 15:30 | Queue | Villager (Male) |
| 15:44 | Build | Mining Camp |
| 15:54 | Build | Palisade Wall |
| 15:57 | Research | Double-Bit Axe |
| 16:12 | Queue | Villager (Male) |
| 16:19 | Build | Palisade Wall |
| 16:31 | Queue | Villager (Male) |
| 16:34 | Build | Farm |
| 16:35 | Build | Farm |
| 16:46 | Build | Palisade Wall |
| 17:03 | Build | Palisade Wall |
| 17:04 | Queue | Spearman |
| 17:05 | Queue | Villager (Male) |
| 17:08 | Build | Farm |
| 17:09 | Queue | Villager (Male) |
| 17:22 | Research | Fletching |
| 17:29 | Build | House |
| 17:30 | Build | Palisade Wall |
| 17:34 | Queue | Archer |
| 17:40 | Build | Farm |
| 17:53 | Queue | Villager (Male) |
| 17:59 | Queue | Villager (Male) |
| 18:00 | Queue | Archer |
| 18:04 | Build | House |
| 18:05 | Build | Palisade Wall |
| 18:22 | Queue | Villager (Male) |
| 18:24 | Queue | Archer |
| 18:34 | Build | Archery Range |
| 18:36 | Build | House |
| 18:49 | Build | Farm |
| 18:50 | Queue | Villager (Male) |
| 19:14 | Queue | Villager (Male) |
| 19:20 | Build | Farm |
| 19:43 | Queue | Archer |
| 19:46 | Build | Palisade Gate |
| 20:03 | Queue | Villager (Male) |
| 20:04 | Queue | Archer |
| 20:05 | Queue | Archer |
| 20:40 | Queue | Villager (Male) |
| 20:45 | Queue | Archer |
| 20:45 | Queue | Archer |
| 20:48 | Build | Farm |
| 20:51 | Build | House |
| 21:03 | Queue | Archer |
| 21:04 | Queue | Archer |
| 21:07 | Queue | Villager (Male) |
| 21:27 | Build | House |
| 21:30 | Queue | Archer |
| 21:30 | Queue | Archer |
| 21:33 | Queue | Villager (Male) |
| 22:07 | Research | Castle Age |
| 22:13 | Build | Lumber Camp |
| 22:21 | Research | Gold Mining |
| 22:23 | Research | Horse Collar |
| 22:35 | Queue | Archer |
| 22:42 | Build | House |
| 22:44 | Build | House |
| 22:50 | Queue | Villager (Male) |
| 22:52 | Queue | Archer |
| 22:52 | Queue | Archer |
| 23:07 | Queue | Archer |
| 23:07 | Queue | Archer |
| 23:24 | Queue | Archer |
| 23:32 | Research | Padded Archer Armor |
| 23:48 | Queue | Archer |
| 23:49 | Queue | Archer |
| 24:47 | Age | Castle Age |
| 24:49 | Research | Crossbowman (upgrade) |
Build order — kimbo
First 150 of 244 actions detected
| 0:00 | Research | Loom |
| 0:01 | Research | Loom |
| 0:01 | Queue | Villager (Male) |
| 0:02 | Queue | Villager (Male) |
| 0:02 | Queue | Villager (Male) |
| 0:02 | Queue | Villager (Male) |
| 0:04 | Build | House |
| 0:06 | Build | House |
| 1:24 | Queue | Villager (Male) |
| 1:24 | Queue | Villager (Male) |
| 1:51 | Queue | Villager (Male) |
| 1:51 | Queue | Villager (Male) |
| 1:51 | Queue | Villager (Male) |
| 2:01 | Build | Lumber Camp |
| 2:14 | Queue | Villager (Male) |
| 2:14 | Queue | Villager (Male) |
| 2:47 | Queue | Villager (Male) |
| 3:06 | Queue | Villager (Male) |
| 3:06 | Queue | Villager (Male) |
| 3:06 | Queue | Villager (Male) |
| 3:53 | Build | House |
| 3:54 | Build | House |
| 3:58 | Queue | Villager (Male) |
| 3:58 | Queue | Villager (Male) |
| 4:06 | Queue | Villager (Male) |
| 4:06 | Queue | Villager (Male) |
| 4:20 | Build | House |
| 4:41 | Queue | Villager (Male) |
| 4:42 | Queue | Villager (Male) |
| 4:45 | Queue | Villager (Male) |
| 5:03 | Queue | Villager (Male) |
| 5:04 | Queue | Villager (Male) |
| 5:33 | Queue | Villager (Male) |
| 5:43 | Build | Barracks |
| 5:45 | Queue | Villager (Male) |
| 5:46 | Queue | Villager (Male) |
| 6:13 | Queue | Villager (Male) |
| 6:14 | Queue | Villager (Male) |
| 6:14 | Queue | Villager (Male) |
| 6:20 | Queue | Villager (Male) |
| 7:41 | Research | Feudal Age |
| 7:41 | Research | Feudal Age |
| 7:41 | Research | Feudal Age |
| 7:53 | Build | Mining Camp |
| 8:15 | Queue | Militia |
| 8:15 | Queue | Militia |
| 8:15 | Queue | Militia |
| 8:39 | Queue | Villager (Male) |
| 8:53 | Queue | Militia |
| 9:05 | Build | House |
| 9:30 | Queue | Villager (Male) |
| 9:50 | Queue | Villager (Male) |
| 9:51 | Age | Feudal Age |
| 9:53 | Build | Archery Range |
| 10:00 | Research | Man-at-Arms (upgrade) |
| 11:05 | Queue | Villager (Male) |
| 11:06 | Queue | Archer |
| 11:06 | Queue | Archer |
| 11:07 | Queue | Archer |
| 11:11 | Build | Blacksmith |
| 11:13 | Research | Double-Bit Axe |
| 11:13 | Research | Double-Bit Axe |
| 11:21 | Queue | Villager (Male) |
| 11:27 | Build | Mill |
| 11:32 | Build | House |
| 11:44 | Queue | Archer |
| 11:44 | Queue | Archer |
| 12:12 | Build | Farm |
| 12:15 | Queue | Archer |
| 12:15 | Queue | Archer |
| 12:21 | Build | Palisade Wall |
| 12:36 | Build | House |
| 12:41 | Queue | Villager (Male) |
| 12:41 | Queue | Villager (Male) |
| 12:55 | Research | Fletching |
| 12:56 | Research | Fletching |
| 13:00 | Build | House |
| 13:06 | Build | Palisade Wall |
| 13:11 | Queue | Villager (Male) |
| 13:25 | Build | Palisade Wall |
| 13:33 | Queue | Villager (Male) |
| 13:34 | Queue | Archer |
| 13:34 | Queue | Archer |
| 13:35 | Queue | Archer |
| 13:40 | Build | Farm |
| 13:57 | Build | Palisade Wall |
| 14:01 | Queue | Villager (Male) |
| 14:11 | Queue | Archer |
| 14:11 | Queue | Archer |
| 14:19 | Queue | Spearman |
| 14:29 | Queue | Archer |
| 14:29 | Queue | Archer |
| 14:33 | Queue | Villager (Male) |
| 14:34 | Build | Farm |
| 14:35 | Build | Farm |
| 14:35 | Build | Farm |
| 14:35 | Build | Farm |
| 14:55 | Queue | Archer |
| 14:55 | Queue | Archer |
| 15:00 | Build | Farm |
| 15:00 | Build | Farm |
| 15:01 | Build | Farm |
| 15:01 | Build | Farm |
| 15:01 | Build | Farm |
| 15:01 | Build | Farm |
| 15:08 | Queue | Villager (Male) |
| 15:13 | Build | Palisade Wall |
| 15:18 | Build | House |
| 15:38 | Build | Farm |
| 15:38 | Build | Farm |
| 15:38 | Build | Farm |
| 15:39 | Build | Farm |
| 15:40 | Queue | Archer |
| 15:40 | Queue | Archer |
| 15:44 | Queue | Villager (Male) |
| 15:47 | Build | House |
| 15:49 | Build | Palisade Wall |
| 16:05 | Build | House |
| 16:08 | Queue | Villager (Male) |
| 16:17 | Queue | Villager (Male) |
| 16:29 | Build | Farm |
| 16:30 | Build | Farm |
| 16:30 | Build | Farm |
| 16:30 | Build | Farm |
| 16:32 | Queue | Archer |
| 16:32 | Queue | Archer |
| 16:36 | Queue | Villager (Male) |
| 16:46 | Build | Farm |
| 16:46 | Build | Farm |
| 16:46 | Build | Farm |
| 16:56 | Queue | Archer |
| 17:19 | Queue | Villager (Male) |
| 17:36 | Build | Farm |
| 17:37 | Build | Farm |
| 17:37 | Build | Farm |
| 17:46 | Queue | Villager (Male) |
| 17:48 | Queue | Archer |
| 17:49 | Queue | Villager (Male) |
| 17:55 | Queue | Villager (Male) |
| 17:57 | Build | House |
| 18:35 | Build | Farm |
| 18:35 | Build | Farm |
| 18:36 | Build | Farm |
| 18:36 | Build | Farm |
| 18:57 | Build | Market |
| 18:59 | Build | House |
| 19:04 | Queue | Archer |
| 19:05 | Queue | Villager (Male) |
| 19:15 | Queue | Archer |
| 19:15 | Queue | Archer |
Match timeline
| 3:19 | PJtheDcoy · wall_segment Palisade Wall x1 |
| 5:43 | kimbo · first_building Barracks |
| 5:51 | Quando · first_building Barracks |
| 7:17 | Fr4ggi · first_building Barracks |
| 7:22 | Mantecol bailable · first_building Barracks |
| 7:27 | Fr4ggi · wall_segment Palisade Wall x15 |
| 7:46 | Quando · wall_segment Palisade Wall x4 |
| 7:56 | Fr4ggi · wall_segment Palisade Wall x7 |
| 8:05 | Fr4ggi · wall_segment Palisade Wall x8 |
| 8:14 | Quando · wall_segment Palisade Wall x3 |
| 8:19 | PELUCHE · first_building Barracks |
| 8:32 | Fr4ggi · wall_segment Palisade Wall x18 |
| 8:36 | Mantecol bailable · age_up feudal |
| 8:39 | Fr4ggi · wall_segment Palisade Wall x10 |
| 8:41 | Mantecol bailable · first_building Stable |
| 8:47 | PELUCHE · wall_segment Palisade Wall x1 |
| 8:51 | PELUCHE · wall_segment Palisade Wall x1 |
| 8:58 | PJtheDcoy · first_building Barracks |
| 9:03 | PELUCHE · wall_segment Palisade Wall x1 |
| 9:04 | Quando · age_up feudal |
| 9:06 | PELUCHE · wall_segment Palisade Wall x1 |
| 9:08 | PELUCHE · wall_segment Palisade Wall x1 |
| 9:13 | PJtheDcoy · wall_segment Palisade Wall x6 |
| 9:25 | PELUCHE · age_up feudal |
| 9:30 | PELUCHE · first_building Archery Range |
| 9:42 | Quando · first_building Archery Range |
| 9:48 | PJtheDcoy · wall_segment Palisade Wall x5 |
| 9:51 | kimbo · age_up feudal |
| 9:52 | PJtheDcoy · wall_segment Palisade Wall x3 |
| 9:53 | kimbo · first_building Archery Range |
| 10:05 | PJtheDcoy · wall_segment Palisade Wall x3 |
| 10:13 | Fr4ggi · wall_segment Palisade Wall x4 |
| 10:13 | Fr4ggi · age_up feudal |
| 10:33 | Mantecol bailable · wall_segment Palisade Wall x1 |
| 10:39 | Mantecol bailable · wall_segment Palisade Wall x7 |
| 10:45 | PJtheDcoy · age_up feudal |
| 11:07 | PELUCHE · wall_segment Palisade Wall x1 |
| 11:31 | PJtheDcoy · wall_segment Palisade Wall x11 |
| 11:41 | Fr4ggi · first_building Stable |
| 11:45 | PJtheDcoy · first_building Archery Range |
| 12:21 | kimbo · wall_segment Palisade Wall x19 |
| 12:36 | Mantecol bailable · wall_segment Palisade Wall x7 |
| 13:05 | PELUCHE · wall_segment Palisade Wall x1 |
| 13:06 | kimbo · wall_segment Palisade Wall x14 |
| 13:25 | kimbo · wall_segment Palisade Wall x9 |
| 13:28 | PJtheDcoy · wall_segment Palisade Wall x1 |
| 13:38 | Quando · wall_segment Palisade Wall x1 |
| 13:57 | kimbo · wall_segment Palisade Wall x1 |
| 14:10 | Mantecol bailable · wall_segment Palisade Wall x8 |
| 14:11 | Mantecol bailable · wall_segment Palisade Wall x5 |
| 14:35 | Quando · wall_segment Palisade Wall x8 |
| 15:02 | Quando · wall_segment Palisade Wall x1 |
| 15:13 | kimbo · wall_segment Palisade Wall x1 |
| 15:13 | Quando · wall_segment Palisade Wall x1 |
| 15:15 | Quando · wall_segment Palisade Wall x1 |
| 15:17 | Quando · wall_segment Palisade Wall x1 |
| 15:49 | kimbo · wall_segment Palisade Wall x9 |
| 15:54 | Quando · wall_segment Palisade Wall x1 |
| 15:55 | PELUCHE · wall_segment Palisade Wall x4 |
| 15:58 | PELUCHE · wall_segment Palisade Wall x13 |
| 16:19 | Quando · wall_segment Palisade Wall x8 |
| 16:46 | Quando · wall_segment Palisade Wall x6 |
| 17:03 | Quando · wall_segment Palisade Wall x13 |
| 17:15 | Mantecol bailable · wall_segment Palisade Wall x1 |
| 17:30 | Quando · wall_segment Palisade Wall x4 |
| 17:34 | PELUCHE · wall_segment Palisade Wall x8 |
| 17:56 | PJtheDcoy · wall_segment Palisade Wall x6 |
| 18:05 | Quando · wall_segment Palisade Wall x1 |
| 19:21 | Fr4ggi · age_up castle |
| 19:49 | Mantecol bailable · wall_segment Palisade Wall x1 |
| 19:54 | Mantecol bailable · wall_segment Palisade Wall x1 |
| 20:48 | Mantecol bailable · age_up castle |
| 21:06 | PJtheDcoy · wall_segment Palisade Wall x5 |
| 21:45 | Mantecol bailable · wall_segment Palisade Wall x1 |
| 21:47 | Mantecol bailable · wall_segment Palisade Wall x1 |
| 21:56 | Mantecol bailable · wall_segment Palisade Wall x1 |
| 21:57 | PELUCHE · wall_segment Palisade Wall x1 |
| 21:58 | PELUCHE · wall_segment Palisade Wall x1 |
| 23:17 | kimbo · age_up castle |
| 23:26 | PELUCHE · age_up castle |
| 24:47 | Quando · age_up castle |
| 27:16 | Quando · first_building Siege Workshop |
| 27:25 | PJtheDcoy · age_up castle |
| 28:31 | PJtheDcoy · first_building Castle |
| 28:36 | Quando · resign |
[ AI ANALYSIS · 1 CREDIT ]
What really happened in this match?
Wolo.gg analyzes every decision: build order, eco, micro, common mistakes by bracket. Personalized analysis on WhatsApp or Discord in 30 seconds.
Civ guide
Persians
Perfil
Jugador #6051949